 Dungeon Crawl Stone Soup version 0.19-a0-1019-g9c6a58d (webtiles) character file.

62 tyvek the Magician (level 3, 0/16 HPs)
             Began as a Spriggan Enchanter on July 26, 2016.
             Slain by a hobgoblin
             ... wielding a +0 club
              (1 damage)
             ... on level 2 of the Dungeon.
             The game lasted 00:03:57 (2186 turns).

tyvek the Magician (Spriggan Enchanter)             Turns: 2186, Time: 00:03:57

Health: 0/16       AC:  3    Str:  5    XL:     3   Next: 85%
Magic:  3/10       EV: 24    Int: 16    God:
Gold:   78         SH:  0    Dex: 21    Spells: 4 memorised, 2 levels left

rFire  . . .     SeeInvis +     a - +1 dagger
rCold  . . .     Gourm    .     b - +1 robe
rNeg   . . .     Faith    .     (shield restricted)
rPois  .         Spirit   .     (helmet restricted)
rElec  .         Dismiss  .     (no cloak)
rCorr  .         Reflect  .     (gloves unavailable)
SustAt .         Harm     .     (boots unavailable)
MR     .....                    (no amulet)
Stlth  ++++......               (no ring)
                                (no ring)

@: agile, lethally poisoned (0 -> -5), very slightly contaminated, invisible,
very quick, not resistant to hostile enchantments, stealthy
A: unfitting armour, see invisible, herbivore 3, speed 3, slow metabolism 2
a: no special abilities


You were on level 2 of the Dungeon.
You were not hungry.

You visited 1 branch of the dungeon, and saw 2 of its levels.

You collected 78 gold pieces.

Inventory:

Hand Weapons
 a - a +1 dagger (weapon)
Armour
 b - a +1 robe (worn)
Scrolls
 f - 2 scrolls of fog {unknown}
 j - a scroll of remove curse {unknown}
 k - a scroll of teleportation {unknown}
Potions
 g - a potion of beneficial mutation {unknown}
 h - a potion of berserk rage {unknown}
 i - a potion of brilliance {unknown}
 l - a potion of invisibility
Books
 c - a book of Maledictions
Comestibles
 d - a bread ration {@e1}


   Skills:
 - Level 1.1 Short Blades
 - Level 3.0 Dodging
 - Level 4.4 Stealth
 + Level 4.5 Spellcasting
 + Level 4.4 Hexes


You had 2 spell levels left.
You knew the following spells:

 Your Spells              Type           Power        Failure   Level  Hunger
a - Ensorcelled Hibernat  Hex/Ice        ##....       12%         2    ##.....
b - Tukima's Dance        Hex            ###.....     10%         3    ###....
c - Confuse               Hex            ###.....     10%         3    ###....
v - Corona                Hex            ###....      2%          1    None


Dungeon Overview and Level Annotations

Branches:
Dungeon (2/15)

Altars:
Trog


Innate Abilities, Weirdness & Mutations

You are tiny and cannot use many weapons and most armour.
You have supernaturally acute eyesight. (SInv)
You are a herbivore.
You cover ground extremely quickly.
You need consume almost no food.


Message History

The jackal misses you.
An adder and a worm come into view.
You take 4 damage, and have 12/16 hp.
MASSIVE DAMAGE!!
The hobgoblin completely misses you.
You see here 13 gold pieces.
MP restored: 9 You see here a whip.
Aim: a jackal (chance to defeat MR: 79%)
The jackal resists with significant effort.
The jackal closely misses you.
You now have 7/9 mp.
You hit the jackal. The jackal misses you. The jackal barely misses you.
Aim: a jackal (lightly wounded, chance to defeat MR: 79%)
The jackal resists with significant effort.
The jackal misses you.
You now have 5/9 mp.
You barely miss the jackal.
The jackal bites you but does no damage.
The rat twitches its whiskers.
Aim: a jackal (lightly wounded, chance to defeat MR: 79%)
The jackal looks drowsy...
You now have 3/9 mp.
The helpless jackal fails to defend itself.
You impale the jackal!!
You kill the jackal!
Aim: a jackal (chance to defeat MR: 79%)
The jackal looks drowsy...
You now have 1/9 mp.
The helpless jackal fails to defend itself.
You impale the jackal!!
You kill the jackal!
You don't have enough magic to cast that spell.
The adder closely misses you. The adder bites you.
You take 4 damage, and have 9/16 hp.
MASSIVE DAMAGE!!
Aim: an adder (chance to defeat MR: 50%)
The adder resists with some effort.
The adder misses you. The adder bites you. The adder barely misses you.
You take 3 damage, and have 6/16 hp.
You now have 1/9 mp.
You closely miss the adder. The adder closely misses you.
The adder barely misses you.
Okay, then.
It was a potion of invisibility.
You fade into invisibility!
The adder closely misses you. The adder completely misses you.
The adder misses you.
You are very lightly contaminated with residual magic.
You catch the helpless adder completely off-guard!
You puncture the adder!
You kill the adder!
The hobgoblin shouts!
You catch the helpless rat completely off-guard!
You puncture the rat!
You kill the rat!
The hobgoblin shouts!
You are too injured to fight recklessly!
You are too injured to fight recklessly!
You are too injured to fight recklessly!
You barely miss the jackal.
The hobgoblin shouts!
The jackal barely misses you.
You strike the helpless jackal from behind!
You puncture the jackal!
You kill the jackal!
You hit the hobgoblin. The adder bites you.
You are lethally poisoned!
The adder poisons you! The hobgoblin barely misses you.
You take 1 damage, and have 6/16 hp.
The jackal barks!
You hit the adder but do no damage.
You feel sick.
You take 1 damage, and have 5/16 hp.
You catch the helpless hobgoblin completely off-guard!
You puncture the hobgoblin!
You kill the hobgoblin!
You hit the adder.
* * * LOW HITPOINT WARNING * * *
You feel sick. The adder barely misses you. The jackal completely misses you.
You take 1 damage, and have 4/16 hp.
You closely miss the adder. You closely miss the jackal.
* * * LOW HITPOINT WARNING * * *
You feel sick. The hobgoblin hits you with a club.
* * * LOW HITPOINT WARNING * * *
The jackal closely misses you.
You take 2 damage, and have 2/16 hp.
You hit the jackal but do no damage. The adder closely misses you.
The hobgoblin barely misses you. The adder misses you.
You hit the adder but do no damage. The hobgoblin closely misses you.
The adder completely misses you.
You closely miss the adder.
* * * LOW HITPOINT WARNING * * *
You feel sick. The adder misses you. The hobgoblin misses you.
You take 1 damage, and have 1/16 hp.
You barely miss the adder. The adder completely misses you.
The hobgoblin closely misses you. The hobgoblin barely misses you.
It was a potion of agility.
You feel agile all of a sudden. The adder completely misses you.
The hobgoblin hits you with a club.
You die...

#†.#..## #.##.##.# #.(##..#
#...#..# #...#..####.....#
#.#............# #.#....8.......#
#.#...8.8......# .
#.##.8._.8.h...#
.#######.....8.8.g##.##
.....##..##...8g@.##.##
#.#.#...##....S..##.h# ##
#.....#.#..##.######.# ...
##.#...>...##.# #g#######....
##.........###.######h##.........
...#..##....##†#†...gSr.._.#
.####....##......####.#....#
.....................g.[.###
#####..........######...## #


You could see an adder, a jackal (wandering) and 2 hobgoblins.

Vanquished Creatures
  An adder (D:2)
  An ooze (D:1)
  A worm (D:1)
  A dart slug (D:1)
  A ball python (D:1)
  5 bats (D:1)
  A giant cockroach (D:2)
  4 goblins (D:1)
  8 hobgoblins
  3 jackals (D:2)
  A giant newt (D:1)
  6 kobolds (D:1)
  7 rats
40 creatures vanquished.

Vanquished Creatures (others)
  4 toadstools (D:1)
4 creatures vanquished.

Grand Total: 44 creatures vanquished

Notes
Turn   | Place    | Note
-------+----------+-------------------------------------------
     0 | D:1      | tyvek the Spriggan Enchanter began the quest for the Orb.
     0 | D:1      | Reached XP level 1. HP: 9/9 MP: 5/5
    67 | D:1      | Reached skill level 3 in Spellcasting
   133 | D:1      | HP: 2/9 [kobold/dagger (2)]
   151 | D:1      | Reached XP level 2. HP: 4/13 MP: 7/7
   464 | D:1      | Learned a level 2 spell: Ensorcelled Hibernation
   739 | D:1      | HP: 2/13 [kobold/short sword (4)]
   782 | D:1      | HP: 2/13 [hobgoblin/club (1)]
  1308 | D:1      | Reached skill level 4 in Hexes
  1456 | D:1      | Reached skill level 4 in Spellcasting
  1456 | D:1      | Reached XP level 3. HP: 14/16 MP: 1/9
  1894 | D:1      | Learned a level 3 spell: Confuse
  1898 | D:1      | Learned a level 3 spell: Tukima's Dance
  2066 | D:2      | Found a faded altar of an unknown god.
  2093 | D:2      | Found a bloodstained altar of Trog.
  2179 | D:2      | HP: 4/16 [poisoned by an adder]
  2184 | D:2      | HP: 1/16 [poisoned by an adder]
  2186 | D:2      | Slain by a hobgoblin

Vault maps used:
D:1:      ldierk_walled_garden_2, minmay_misc_feat_alley, minivault_4,
          hangedman_decor_diamond_cutter
D:2:      nicolae_overflow_hidden_temple, bloody_trog, ecumenical_altar_2,
          grunt_decor_one_mirror, uniq_terence

Skill      XL: |  1  2 |
---------------+-------+-----
Spellcasting   | 3 4 |  4.5
Hexes          | 4 |  4.4
Short Blades   | |  1.1
Dodging        | |  3.0
Stealth        | |  4.4

Action                   || total
-------------------------++-------
Melee: Dagger            ||   144
 Cast: Corona            ||     5
       Ensorcelled Hiber ||    16
  Use: Potion            ||     2
 Stab: Sleeping          ||    19
       Invisible         ||     4
Armor: Robe              ||    17
Dodge: Dodged            ||   138

Vault maps used:
D:1:      ldierk_walled_garden_2, minmay_misc_feat_alley, minivault_4,
          hangedman_decor_diamond_cutter
D:2:      nicolae_overflow_hidden_temple, bloody_trog, ecumenical_altar_2,
          grunt_decor_one_mirror, uniq_terence

Table legend:
 A = Turns spent in this place as a percentage of turns spent in the entire game.
 B = Non-inter-level travel turns spent in this place as a percentage of non-inter-level travel turns spent in the entire game.
 C = Inter-level travel turns spent in this place as a percentage of turns spent in this place.
 D = Turns resting spent in this place as a percentage of non-inter-level travel turns spent in this place.
 E = Turns spent auto-exploring this place as a percentage of non-inter-level travel turns spent in this place.
 F = Non-inter-level travel turns spent in this place divided by the number of levels of this place that you've seen.
                   A       B       C       D       E      F
               +-------+-------+-------+-------+-------+----------------------
         Total | 100.0 | 100.0 |   0.2 |   3.5 |   7.9 | 318.0
       Dungeon | 100.0 | 100.0 |   0.2 |   3.5 |   7.9 | 318.0
               +-------+-------+-------+-------+-------+----------------------

Table legend:
 A = Kills in this place as a percentage of kills in entire the game.
 B = Kills by you in this place as a percentage of kills by you in the entire game.
 C = Kills by friends in this place as a percentage of kills by friends in the entire game.
 D = Other kills in this place as a percentage of other kills in the entire game.
 E = Experience gained in this place as a percentage of experience gained in the entire game.
 F = Experience gained in this place divided by the number of levels of this place that you have seen.
                   A       B       C       D       E      F
               +-------+-------+-------+-------+-------+----------------------
         Total | 100.0 | 100.0 |  -nan |  -nan | 100.0 |  44.5
       Dungeon | 100.0 | 100.0 |  -nan |  -nan | 100.0 |  44.5
               +-------+-------+-------+-------+-------+----------------------
